 Dungeon Crawl Stone Soup version 0.26-a0-50-gc4d14cd842 (webtiles) character file.

Game seed: 15205827498534883869

71 vurker the Digger (level 3, 23/28 HPs)
             Began as a Demigod Earth Elementalist on June 4, 2020.
             Quit the game on level 1 of the Dungeon.
             The game lasted 00:02:48 (2390 turns).

vurker the Digger (Demigod Earth Elementalist)      Turns: 2390, Time: 00:02:49

Health: 23/28      AC:  2    Str: 11    XL:     3   Next: 79%
Magic:  2/9        EV: 12    Int: 21    God:
Gold:   57         SH:  0    Dex: 16    Spells: 1/7 levels left

rFire    . . .     SeeInvis .   f - +0 short sword
rCold    . . .     Gourm    .   (no shield)
rNeg     . . .     Faith    .   c - +0 robe
rPois    .         Spirit   .   (no helmet)
rElec    .         Reflect  .   (no cloak)
rCorr    .         Harm     .   (no gloves)
MR       .....                  (no boots)
Stlth    ++........             (no amulet)
HPRegen  0.09/turn              (no ring)
MPRegen  0.11/turn              (no ring)

@: very slightly contaminated
A: high mp 1
a: no special abilities


You were on level 1 of the Dungeon.
You were not hungry.

You visited 1 branch of the dungeon, and saw 2 of its levels.

You collected 57 gold pieces.

Inventory:

Hand Weapons
 f - a +0 short sword (weapon)
   (You took it off a kobold on level 1 of the Dungeon)
Armour
 c - a +0 robe (worn)
Scrolls
 a - 2 scrolls of blinking {unknown}
 b - a scroll of immolation {unknown}
 d - 2 scrolls of amnesia {unknown}
 g - 2 scrolls of identify {unknown}
Potions
 h - a potion of curing {unknown}
 i - a potion of stabbing {unknown}
 k - a potion of flight {unknown}
 l - a potion of resistance {unknown}
Comestibles
 e - 4 rations


   Skills:
 + Level 1.1 Fighting
 - Level 1.7 Dodging
 - Level 1.7 Stealth
 * Level 2.6 Spellcasting
 * Level 0.7 Conjurations
 - Level 0.8 Transmutations
 * Level 3.4 Earth Magic


You had one spell level left.
You knew the following spells:

 Your Spells              Type           Power        Failure   Level  Hunger
a - Sandblast             Erth           ###...       3%          1    None
b - Stone Arrow           Conj/Erth      ##....       17%         3    ###....
q - Passwall              Tmut/Erth      ##......     9%          2    ##.....

Your spell library contained the following spells:

 Spells                   Type           Power        Failure   Level  Hunger
 Petrify                  Tmut/Erth      ##......     50%         4    ####...
 Lee's Rapid Deconstruct  Erth           ###.......   67%         5    ######.


Dungeon Overview and Level Annotations

Branches:
Dungeon (2/15)


Innate Abilities, Weirdness & Mutations

You have an increased reservoir of magic. (+10% MP)


Message History

The stone arrow hits the worm!
You hit the worm. The worm bites you!
* * * LOW HITPOINT WARNING * * *
The spell is quite dangerous to cast (19% risk of failure)!
Continue anyway? [Y]es or [N]o only, please.
The spell is quite dangerous to cast (19% risk of failure)!
Continue anyway?
Aim: a worm (heavily wounded)
The stone arrow hits the worm!
The spell is quite dangerous to cast (19% risk of failure)!
Continue anyway? [Y]es or [N]o only, please.
The spell is quite dangerous to cast (19% risk of failure)!
Continue anyway?
Aim: a worm (almost dead)
The stone arrow hits the worm!
You kill the worm!
You see here a worm corpse.
You butcher the worm corpse.
j - 3 chunks of flesh (gained 1) Some of the chunks of flesh in your inventory have rotted away.
Eating one of 2 chunks of flesh.
You eat one of the 2 chunks of flesh.
All of the chunks of flesh in your inventory have rotted away.
The gnoll sergeant is too close now for your liking.
A gnoll sergeant is nearby!
A gnoll sergeant is nearby!
The gnoll sergeant shouts!
You can't see any susceptible monsters within range! (Use Z to cast anyway.)
The spell is quite dangerous to cast (17% risk of failure)!
Continue anyway? [Y]es or [N]o only, please.
The spell is quite dangerous to cast (17% risk of failure)!
Continue anyway?
Aim: a gnoll sergeant, wielding a +0 trident and wearing a +0 scale mail The stone arrow hits the gnoll sergeant!
The gnoll shouts!
The spell is quite dangerous to cast (17% risk of failure)!
Continue anyway? [Y]es or [N]o only, please.
The spell is quite dangerous to cast (17% risk of failure)!
Continue anyway?
Aim: a gnoll sergeant, wielding a +0 trident and wearing a +0 scale mail (heavily wounded)
You miscast Stone Arrow.
You are very lightly contaminated with residual magic.
Nothing appears to happen.
The gnoll sergeant hits you from afar with a +0 trident!
The spell is quite dangerous to cast (17% risk of failure)!
Continue anyway? [Y]es or [N]o only, please.
The spell is quite dangerous to cast (17% risk of failure)!
Continue anyway?
Aim: a gnoll sergeant, wielding a +0 trident and wearing a +0 scale mail (heavily wounded)
The stone arrow hits the gnoll sergeant.
The gnoll sergeant barely misses you.
You aren't carrying any items that you can evoke.
There is a stone staircase leading up here.
You don't have enough magic to cast that spell.
You climb upwards.
There is a stone staircase leading down here.

..# #..#≈♣.≈≈♣.♣≈≈..≈##... ..#
#..#≈P♣≈≈P♣♣≈≈P♣≈##... ..#
#..#≈♣♣≈≈♣PP≈≈.P≈###.. #.#
#..#≈♣♣≈≈P♣♣≈≈♣P≈# #.. ..#
#..#≈≈≈≈≈≈≈≈≈≈≈≈≈# #..
###############################..
...............##................
##############.##.......#######..
.............#.#@.......# #..
######.....#.#.#........# ##.
...........'.#....#.#.##########.
######.....#####..#.#.# #.......
######..............#.####.......
.........############.#..........
......................#.........#
.........#########..###.........#
.........######.............#####


There were no monsters in sight!

Vanquished Creatures
  2 gnolls (D:2)
  An adder (D:2)
  An ooze (D:1)
  A worm (D:2)
  A dart slug (D:2)
  3 ball pythons
  5 bats
  4 giant cockroaches (D:1)
  2 goblins
  4 hobgoblins
  3 kobolds
  4 frilled lizards
  5 rats (D:2)
36 creatures vanquished.

Notes
Turn   | Place    | Note
-------+----------+-------------------------------------------
     0 | D:1      | vurker the Demigod Earth Elementalist began the quest for
                  | the Orb.
     0 | D:1      | Reached XP level 1. HP: 14/14 MP: 5/5
   267 | D:1      | Reached skill level 3 in Earth Magic
   267 | D:1      | Reached XP level 2. HP: 22/22 MP: 0/7
  1251 | D:2      | Noticed a gnoll sergeant
  1267 | D:2      | Reached XP level 3. HP: 27/27 MP: 5/9
  1283 | D:2      | Reached skill level 1 in Fighting
  1344 | D:2      | Learned a level 3 spell: Stone Arrow
  1347 | D:2      | Learned a level 2 spell: Passwall
  2390 | D:1      | Quit the game

Illustrated notes

Levels and vault maps discovered:
D:1:      lightli_arrival_farm, layout_basic, chequers_jeans
D:2:      layout_basic

Skill      XL: |  1  2  3 |
---------------+----------+-----
Spellcasting   | 2 |  2.6
Earth Magic    | 3 |  3.4
Fighting       | 1 |  1.1
Dodging        | |  1.7
Stealth        | |  1.7
Conjurations   | |  0.7
Transmutations | |  0.8

Action                   || total
-------------------------++-------
Melee: Unarmed           ||     7
       Short sword       ||    17
 Cast: Sandblast         ||    50
       Stone Arrow       ||     5
 Stab: Sleeping          ||     1
  Eat: Chunk             ||     5
Armor: Robe              ||     7
Dodge: Dodged            ||    31

Table legend:
 A = Non-vault XP
 B = Vault XP
 C = Vault XP percentage of total XP
 D = Non-vault monster count
 E = Vault monster count
 F = Vault count percentage of total count
                 A         B        C        D         E       F
            +---------+---------+-------+---------+---------+-------
      Total |     102 |       0 |   0.0 |      36 |       0 |   0.0
            +---------+---------+-------+---------+---------+-------
        D:1 |      33 |       0 |   0.0 |      15 |       0 |   0.0
        D:2 |      69 |       0 |   0.0 |      21 |       0 |   0.0
            +---------+---------+-------+---------+---------+-------
